 Dungeon Crawl Stone Soup version 0.27.1-33-g824d729ab1 (webtiles) character file.

Game seed: 13709094019787571319

442 McKennaii the Poker (level 6, -4/48 HPs)
             Began as a Demigod Warper on Dec 3, 2021.
             Slain by a shadow (6 damage)
             ... on level 5 of the Dungeon.
             The game lasted 00:07:16 (6563 turns).

McKennaii the Poker (Demigod Warper)                Turns: 6563, Time: 00:07:16

Health: -4/48      AC:  9    Str: 20    XL:     6   Next: 42%
Magic:  11/11      EV: 11    Int: 15    God:
Gold:   162        SH:  0    Dex: 13    Spells: 7/9 levels left

rFire    . . .     SeeInvis +   a - +0 spear
rCold    . . .     Faith    .   (no shield)
rNeg     . . .     Spirit   .   o - +0 ring mail
rPois    +         Reflect  .   (no helmet)
rElec    .         Harm     .   s - +2 cloak {Stlth+}
rCorr    .         Rampage  .   i - +0 pair of gloves
Will     .....                  (no boots)
Stlth    ++........             (no amulet)
HPRegen  0.16/turn              e - ring of see invisible
MPRegen  0.12/turn              r - ring of poison resistance

@: flying
A: high mp 1, forlorn
a: no special abilities


You were on level 5 of the Dungeon.
You visited 1 branch of the dungeon, and saw 5 of its levels.

You collected 162 gold pieces.

Inventory:

Hand Weapons
 a - a +0 spear (weapon)
Missiles
 d - 7 boomerangs of dispersal (quivered)
 t - a throwing net
Armour
 i - a +0 pair of gloves (worn)
 o - a +0 ring mail (worn)
 s - a +2 cloak of stealth (worn)
Jewellery
 e - a ring of see invisible (left hand)
 r - a ring of poison resistance (right hand)
Scrolls
 b - a scroll of magic mapping {unknown}
 c - 2 scrolls of blinking
 f - 2 scrolls of teleportation {unknown}
 g - 2 scrolls of fog {unknown}
 l - a scroll of holy word {unknown}
 n - a scroll of enchant weapon {unknown}
 q - a scroll of enchant armour {unknown}
Potions
 h - a potion of resistance {unknown}
 j - a potion of flight
 m - a potion of cancellation {unknown}
 p - 4 potions of curing {unknown}


   Skills:
 - Level 2.0 Fighting
 + Level 5.5 Polearms
 - Level 0.8 Throwing
 - Level 2.0 Armour
 - Level 3.0 Dodging
 - Level 2.0 Spellcasting
 - Level 3.0 Translocations


You had 7 spell levels left.
You knew the following spells:

 Your Spells              Type           Power      Damage    Failure   Level
a - Blink                 Tloc           N/A        N/A       16%         2

Your spell library contained the following spells:

 Spells                   Type           Power      Damage    Failure   Level
 Gell's Gravitas          Tloc           5%         N/A       32%         3
 Lesser Beckoning         Tloc           5%         N/A       32%         3
 Teleport Other           Tloc           10%        N/A       32%         3
 Manifold Assault         Tloc           10%        N/A       96%         5
 Malign Gateway           Summ/Tloc      3%         N/A       100%        7
 Summon Horrible Things   Summ           0%         N/A       100%        8


Dungeon Overview and Level Annotations

Branches:
Dungeon (5/15)
 Temple: D:4-7


Innate Abilities, Weirdness & Mutations

Your attributes grow dramatically as you level up.
You have an increased reservoir of magic. (+10% MP)
You shall have no god before yourself.


Message History

You are too injured to fight recklessly!
You are too injured to fight recklessly!
You are too injured to fight recklessly!
You are too injured to fight recklessly!
You are too injured to fight recklessly!
You are too injured to fight recklessly!
You are too injured to fight recklessly!
You are too injured to fight recklessly!
You barely miss the shadow.
The shadow is severely damaged.
Your ring mail prevents you from hitting the shadow.
The shadow is severely damaged.
The shadow barely misses you.
You hit the shadow but do no damage.
The shadow is severely damaged.
The shadow hits you.
The shadow slips into darkness.
The shadow flickers and vanishes for a moment.
Reach: a) +0 spear
Press: ? - help, Dir - move target, f/p - shadow
Aim: a shadow (severely damaged, slightly transparent, about 37% to evade your +0 spear)
You reach to attack!
You hit the shadow but do no damage.
The shadow is severely damaged.
The shadow hits you!
* * * LOW HITPOINT WARNING * * *
Reach: a) +0 spear
Press: ? - help, Dir - move target, f/p - shadow
Aim: a shadow (severely damaged, about 37% to evade your +0 spear)
You reach to attack!
You hit the shadow but do no damage.
The shadow is severely damaged.
There is a stone staircase leading up here.
You hit the shadow but do no damage.
The shadow is severely damaged.
The shadow hits you!
* * * LOW HITPOINT WARNING * * *
It was a potion of magic.
Magic courses through your body. The shadow hits you.
It was a potion of flight.
You feel very buoyant.
You fly up into the air.
The shadow hits you.
You die...

######### #.......#
########### ##.......#
#.........# .........#
#.........#
.........###.........#
.#........##.........#
.#...................#
.####.######...W@....#
...##.# #...>.....#
...##.# #.........#
...##.# #..........#
...##.# ............#
#.##..# ..############
.. ....## ..#.## ##


You could see a shadow.

Vanquished Creatures
  A phantom (D:4)
  A centaur zombie (D:3)
  A centaur skeleton (D:4)
  A gnoll shaman (D:4)
  2 hound skeletons (D:4)
  10 gnolls
  6 adders
  An ufetubus (D:4)
  An adder skeleton (D:4)
  2 worms (D:4)
  2 dart slugs
  3 orcs
  8 endoplasms
  4 giant cockroaches
  4 goblins
  8 hobgoblins
  9 jackals
  3 quokkas
  2 ball pythons (D:4)
  8 bats
  4 frilled lizards
  6 kobolds
  3 rats
90 creatures vanquished.

Notes
Turn   | Place    | Note
-------+----------+-------------------------------------------
     0 | D:1      | McKennaii the Demigod Warper began the quest for the Orb.
     0 | D:1      | Reached XP level 1. HP: 17/17 MP: 5/5
   251 | D:1      | Reached skill level 2 in Polearms
   725 | D:1      | Reached XP level 2. HP: 24/24 MP: 7/7
   795 | D:1      | Learned a level 2 spell: Blink
  1630 | D:2      | Reached skill level 3 in Polearms
  2381 | D:2      | Reached XP level 3. HP: 29/29 MP: 8/8
  2727 | D:3      | Reached XP level 4. HP: 32/36 MP: 9/9
  3354 | D:3      | Reached skill level 1 in Armour
  4058 | D:4      | Reached skill level 4 in Polearms
  4139 | D:4      | Reached XP level 5. HP: 38/41 MP: 10/10
  4913 | D:4      | Reached XP level 6. HP: 16/48 MP: 11/11
  5324 | D:3      | Reached skill level 5 in Polearms
  6491 | D:5      | Entered Level 5 of the Dungeon
  6514 | D:5      | Noticed a shadow
  6561 | D:5      | HP: 2/48 [shadow (10)]
  6563 | D:5      | Slain by a shadow

Illustrated notes

Levels and vault maps discovered:
D:1:      dpeg_arrival_snail, layout_basic, chequers_ecumenical_altar_island,
          serial_bayou_ford_a
D:2:      layout_basic, basic_altar
D:3:      minmay_octagon_keep, layout_basic
D:4:      layout_basic, mainiacjoe_overflow_small_starburst,
          mainiacjoe_overflow_alcove_4, minmay_crystal_water
D:5:      layout_rooms, chequers_serial_rivers_micro_a, moated_statue

Skill      XL: |  1  2  3  4  5  6 |
---------------+-------------------+-----
Polearms       | 2 3 4 5 |  5.5
Dodging        | 2 3 |  3.0
Armour         | 1 2 |  2.0
Fighting       | 2 |  2.0
Spellcasting   | 2 |  2.0
Translocations | 3 |  3.0
Throwing       | |  0.8

Action                   |  1- 3 |  4- 6 || total
-------------------------+-------+-------++-------
Melee: Spear             |   145 |   465 ||   610
Throw: Boomerang         |       |     1 ||     1
  Use: Potion            |       |     2 ||     2
 Stab: Sleeping          |     2 |     3 ||     5
Armor: Leather armour    |    40 |     4 ||    44
       Ring mail         |       |   130 ||   130
Dodge: Dodged            |    75 |   201 ||   276
